 Dungeon Crawl Stone Soup version 0.27.0-1-g7a089689b8 (webtiles) character file.

Game seed: 1000333039481908414

68 Dennis261 the Cudgeller (level 4, -1/34 (38) HPs)
             Began as a Minotaur Gladiator on Aug 3, 2021.
             Slain by a wight (2 damage)
             ... on level 5 of the Dungeon.
             The game lasted 00:04:59 (1629 turns).

Dennis261 the Cudgeller (Minotaur Gladiator)        Turns: 1629, Time: 00:05:00

HP:   -1/34 (38)    AC:  5    Str: 19    XL:     4   Next: 1%
MP:   3/3           EV: 12    Int:  5    God:
Gold: 100           SH:  0    Dex: 12    Spells: 3/3 levels left

rFire    . . .     SeeInvis .   a - +0 flail
rCold    . . .     Faith    .   (no shield)
rNeg     . . .     Spirit   .   e - +0 ring mail
rPois    .         Reflect  .   c - +0 hat
rElec    .         Harm     .   (no cloak)
rCorr    .         Rampage  .   (no gloves)
Will     .....                  (no boots)
Stlth    +.........             (no amulet)
HPRegen  0.11/turn              (no ring)
MPRegen  0.08/turn              (no ring)

@: heavily drained
A: horns 2, retaliatory headbutt
a: no special abilities


You were on level 5 of the Dungeon.
You visited 1 branch of the dungeon, and saw 5 of its levels.

You collected 100 gold pieces.

Inventory:

Hand Weapons
 a - a +0 flail (weapon)
Missiles
 d - 3 throwing nets (quivered)
Armour
 b - a +0 leather armour
 c - a +0 hat (worn)
 e - a +0 ring mail (worn)
Magical Staves
 j - a staff of earth
Jewellery
 m - a +6 ring of strength
Scrolls
 g - a scroll of enchant armour {unknown}
 h - 2 scrolls of identify
 l - a scroll of fog {unknown}
 n - a scroll of noise {unknown}
 o - a scroll of magic mapping {unknown}
 p - a scroll of enchant weapon {unknown}
Potions
 f - a potion of might
 i - 2 potions of magic {unknown}
 k - a potion of heal wounds {unknown}


   Skills:
 + Level 3.2 Fighting
 + Level 4.3 Maces & Flails
 + Level 2.2 Throwing
 + Level 1.1 Armour
 + Level 3.7 Dodging
 + Level 0.8 Stealth


You had 3 spell levels left.
You didn't know any spells.
Your spell library was empty.

Dungeon Overview and Level Annotations

Branches:
Dungeon (5/15)
 Temple: D:4-7

Altars:


Innate Abilities, Weirdness & Mutations

You have a pair of horns on your head.
You reflexively headbutt those who attack you in melee.


Message History

You are no longer corroded.
You start resting.
A scorpion comes into view.
A scorpion is nearby!
A scorpion is nearby!
A scorpion is nearby!
A scorpion is nearby!
A scorpion is nearby!
A scorpion is nearby!
You start resting.
HP restored. 2 wights come into view.
A wight is wielding a +2 vorpal flail.
An orc and 2 wights come into view.
The orc shouts!
A wight comes into view. It is wielding a +0 halberd.
Found an escape hatch in the floor.
The wight hits you with a +0 short sword!
You feel drained. The wight hits you but does no damage.
The wight barely misses you.
The wight hits you with a +0 short sword.
The wight completely misses you.
An adder comes into view.
The adder hisses angrily.
The wight closely misses you.
You hit the adder.
The adder is lightly wounded.
The adder closely misses you.
The wight hits you with a +2 vorpal flail.
You feel drained. The wight barely misses you. You furiously retaliate!
You headbutt the wight. The adder closely misses you.
The wight completely misses you.
You hit the adder. Your headbutt misses the adder.
The adder is severely wounded.
The adder bites you.
The wight hits you with a +2 vorpal flail!
The wight hits you but does no damage.
The wight hits you from afar with a +0 halberd!
* * * LOW HITPOINT WARNING * * *
You feel drained.
You die...

#.........
#...##....
##.........
#....####.#
#....#..#.#
#.o.....#.#.#
#zzz#.......#
.#####.zz###.#.#.#
......S@.# #.# #
.######### #.# #.#
..###########.#
.......<......#
..##.##########


You could see 5 wights, an adder and an orc.

Vanquished Creatures
  A jelly (D:5)
  An adder (D:3)
  2 worms (D:2)
  7 endoplasms
  A giant cockroach (D:2)
  A hobgoblin (D:4)
  2 quokkas
  2 bats
  3 kobolds
20 creatures vanquished.

Notes
Turn   | Place    | Note
-------+----------+-------------------------------------------
     0 | D:1      | Dennis261 the Minotaur Gladiator began the quest for the
                  | Orb.
     0 | D:1      | Reached XP level 1. HP: 18/18 MP: 0/0
   349 | D:2      | Reached XP level 2. HP: 15/25 MP: 1/1
   983 | D:3      | Reached skill level 4 in Maces & Flails
   983 | D:3      | Reached XP level 3. HP: 31/31 MP: 2/2
  1327 | D:5      | Entered Level 5 of the Dungeon
  1342 | D:5      | Reached skill level 1 in Armour
  1342 | D:5      | Reached XP level 4. HP: 6/38 MP: 3/3
  1376 | D:5      | Noticed a scorpion
  1629 | D:5      | HP: 1/35 [wight (11)]
  1629 | D:5      | Slain by a wight

Illustrated notes

Levels and vault maps discovered:
D:1:      lightli_iron_boxes, layout_loops_ring,
          shapermc_ecumenical_altar_flowoftime
D:2:      layout_basic
D:3:      layout_loops_ring, minmay_close_crescents
D:4:      layout_loops_ring, st_stairs_6, uniq_natasha
D:5:      layout_basic, serial_shops, shop, nicolae_stop_n_shop_2, shop,
          shop_fountains, shop, chequers_serial_rivers_large_a,
          hangedman_decor_slide_cut, uniq_sigmund, uniq_grinder,
          uniq_crazy_yiuf_cottage

Skill      XL: |  1  2  3 |
---------------+----------+-----
Fighting       | 3 |  3.2
Maces & Flails | 4 |  4.3
Armour         | 1 |  1.1
Throwing       | |  2.2
Dodging        | |  3.7
Stealth        | |  0.8

Action                   |  1- 3 |  4- 6 || total
-------------------------+-------+-------++-------
Melee: Flail             |    42 |     2 ||    44
       Headbutt          |     9 |       ||     9
       Staff             |     1 |       ||     1
  Use: Scroll            |     2 |       ||     2
 Stab: Sleeping          |     1 |       ||     1
Armor: Ring mail         |    16 |     2 ||    18
       Leather armour    |     1 |       ||     1
Dodge: Dodged            |    26 |     7 ||    33
